 Dungeon Crawl Stone Soup version 0.26-a0-660-gc07710193c (webtiles) character file.

Game seed: 4041490839466977428

36 jiml777 the Grasshopper (level 3, -1/31 HPs)
             Began as a Gnoll Warper on Oct 5, 2020.
             Killed from afar by an orc wizard (6 damage)
             ... with a magic dart
             ... on level 3 of the Dungeon.
             The game lasted 00:06:11 (1770 turns).

jiml777 the Grasshopper (Gnoll Warper)              Turns: 1770, Time: 00:06:11

Health: -1/31      AC:  4    Str: 13    XL:     3   Next: 37%
Magic:  9/9        EV: 14    Int: 16    God:
Gold:   88         SH:  0    Dex: 14    Spells: 12/12 levels left

rFire    . . .     SeeInvis .   l - -1 mace (curse)
rCold    . . .     Faith    .   (no shield)
rNeg     . . .     Spirit   .   b - +1 leather armour
rPois    .         Reflect  .   (no helmet)
rElec    .         Harm     .   (no cloak)
rCorr    .         Rampage  .   (no gloves)
MR       .....                  (no boots)
Stlth    +.........             (no amulet)
HPRegen  0.10/turn              (no ring)
MPRegen  0.11/turn              (no ring)

@: confused
A: distributed training, fangs 1, strong nose
a: no special abilities


You were on level 3 of the Dungeon.
You visited 1 branch of the dungeon, and saw 3 of its levels.

You collected 88 gold pieces.

Inventory:

Hand Weapons
 a - a +1 hand axe
 l - a cursed -1 mace (weapon)
Missiles
 e - 5 boomerangs of dispersal (quivered)
 i - 7 boomerangs
 j - 47 arrows
 r - 12 sling bullets
Armour
 b - a +1 leather armour (worn)
 g - a +0 ring mail
 o - a cursed +0 scale mail
Scrolls
 c - a scroll of enchant weapon
 m - 2 scrolls of teleportation
 q - a scroll of enchant armour
Potions
 f - a potion of degeneration {unknown}
 h - a potion of berserk rage {unknown}
 k - 2 potions of curing
 p - a potion of cancellation {unknown}
 s - a potion of lignification {unknown}


   Skills:
 + Level 4.5 Fighting
 + Level 0.7 Short Blades
 + Level 0.7 Long Blades
 + Level 4.5 Axes
 + Level 0.7 Maces & Flails
 + Level 0.7 Polearms
 + Level 0.7 Staves
 + Level 0.7 Slings
 + Level 0.7 Bows
 + Level 0.7 Crossbows
 + Level 2.6 Throwing
 + Level 2.6 Armour
 + Level 4.5 Dodging
 + Level 0.7 Stealth
 + Level 0.7 Shields
 + Level 0.7 Unarmed Combat
 + Level 5.0 Spellcasting
 + Level 0.5 Conjurations
 + Level 0.5 Hexes
 + Level 0.5 Summonings
 + Level 0.5 Necromancy
 + Level 5.4 Translocations
 + Level 0.5 Transmutations
 + Level 0.5 Fire Magic
 + Level 0.5 Ice Magic
 + Level 0.5 Air Magic
 + Level 0.5 Earth Magic
 + Level 0.5 Poison Magic
 + Level 0.9 Invocations
 + Level 0.7 Evocations


You had 12 spell levels left.
You didn't know any spells.
Your spell library contained the following spells:

 Spells                   Type           Power        Failure   Level
 Blink                    Tloc           N/A          3%          2
 Gell's Gravitas          Tloc           ###.......   6%          3
 Lesser Beckoning         Tloc           ###.......   6%          3
 Teleport Other           Tloc           ###.....     6%          3
 Passage of Golubria      Tloc           N/A          21%         4


Dungeon Overview and Level Annotations

Branches:
Dungeon (3/15)

Altars:

Annotations:
D:2 Sigmund


Innate Abilities, Weirdness & Mutations

Your experience applies equally to all skills.
You have very sharp teeth.
Your uncanny sense of smell can sniff out nearby items.


Message History

Unknown command.
The orc wizard hits you with a +0 dagger.
The orc wizard completely misses you.
You feel less invigorated.
You feel less confused.
The orc wizard hits you with a +0 dagger.
The orc wizard casts a spell at you. The puff of flame hits you!
* * * LOW HITPOINT WARNING * * *
The orc wizard completely misses you.
You barely miss the orc wizard.
The orc wizard is almost dead.
The orc wizard hits you with a +0 dagger.
* * * LOW HITPOINT WARNING * * *
The orc wizard barely misses you.
You are confused.
You feel invigorated.
The orc wizard gestures at you while chanting.
The magic dart hits you.
You die...

∆ ∆ o#.. ... ∆
#o.∆ #.o #..
#.###..##########
.......oo@.......
#.#.###o#########
#.#. #.#
#.#.###.#
#.#.....#
#.##.#.##
#.##.#.# #.##.#.#
.######.##.#.#


You could see an orc wizard (fast) and 2 orcs.

Vanquished Creatures
  A worm (D:2)
  A dart slug (D:1)
  An orc (D:3)
  2 giant cockroaches (D:1)
  5 goblins
  3 hobgoblins
  5 kobolds
  A ball python (D:2)
  5 bats
  A frilled lizard (D:1)
  4 rats
29 creatures vanquished.

Notes
Turn   | Place    | Note
-------+----------+-------------------------------------------
     0 | D:1      | jiml777 the Gnoll Warper began the quest for the Orb.
     0 | D:1      | Reached XP level 1. HP: 20/20 MP: 6/6
   221 | D:1      | Reached XP level 2. HP: 19/26 MP: 7/7
  1056 | D:2      | Reached XP level 3. HP: 24/31 MP: 9/9
  1148 | D:2      | Reached skill level 5 in Spellcasting
  1473 | D:2      | Noticed Sigmund
  1762 | D:3      | HP: 1/31 [orc wizard/+0 dagger (3)]
  1769 | D:3      | HP: 1/31 [orc wizard/+0 dagger (2)]
  1770 | D:3      | Killed from afar by an orc wizard

Illustrated notes

Levels and vault maps discovered:
D:1:      onia_arrival_pyramid, layout_basic, patterned_corridor
D:2:      layout_rooms, lemuel_coloured_pillars_altar, uniq_sigmund
D:3:      layout_loops_ring, nicolae_gozag_cash_rules_everything_around_me,
          minmay_misc_feat_hallway

Skill      XL: |  1  2  3 |
---------------+----------+-----
Spellcasting   | 5 |  5.0
Fighting       | |  4.5
Short Blades   | |  0.7
Long Blades    | |  0.7
Axes           | |  4.5
Maces & Flails | |  0.7
Polearms       | |  0.7
Staves         | |  0.7
Slings         | |  0.7
Bows           | |  0.7
Crossbows      | |  0.7
Throwing       | |  2.6
Armour         | |  2.6
Dodging        | |  4.5
Stealth        | |  0.7
Shields        | |  0.7
Unarmed Combat | |  0.7
Conjurations   | |  0.5
Hexes          | |  0.5
Summonings     | |  0.5
Necromancy     | |  0.5
Translocations | |  5.4
Transmutations | |  0.5
Fire Magic     | |  0.5
Ice Magic      | |  0.5
Air Magic      | |  0.5
Earth Magic    | |  0.5
Poison Magic   | |  0.5
Invocations    | |  0.9
Evocations     | |  0.7

Action                   || total
-------------------------++-------
Melee: Hand axe          ||    18
       Bite              ||    12
       Mace              ||   115
       Punch             ||     1
  Use: Scroll            ||     6
       Potion            ||     3
 Stab: Sleeping          ||     1
Armor: Leather armour    ||    54
Dodge: Dodged            ||   171

Table legend: (Time is in decaauts)
 A = Elapsed time spent in this place.
 B = Non-inter-level travel time spent in this place.
 C = Inter-level travel time spent in this place.
 D = Time resting spent in this place.
 E = Time spent auto-exploring this place.
 F = Levels seen in this place.
 G = Mean time per level.
                   A        B        C        D        E       F      G
               +--------+--------+--------+--------+--------+-----+--------+
         Total |   1812 |   1785 |     27 |    433 |    815 |   3 |  604.0 |
       Dungeon |   1812 |   1785 |     27 |    433 |    815 |   3 |  604.0 |
               +--------+--------+--------+--------+--------+-----+--------+

Top non-repeatable levels by time:
     D:1: 1039 daAuts
     D:2: 490 daAuts
     D:3: 283 daAuts
